TL
SHREVEPORT BRAVES @ ARKANSAS TRAVELERS
08/09/1982
 
TOP OF THE 1ST
Shreveport Braves batting - Pitching for Arkansas Travelers : RHP Vicente Jaurequi
Pitching: RHP Vicente Jaurequi
Batting: LHB Robert Loscalzo 0-0: Foul Ball, location: 2F
0-1: Ground out 1-3 (Groundball, 13S, EV 75.6 MPH)
Batting: RHB Alvin White 0-0: Ball
1-0: Ball
2-0: Called Strike
2-1: Fly out, F6 (Flyball, 56D, EV 76.3 MPH)
Batting: LHB Rusty McNealy 0-0: Ball
1-0: Called Strike
1-1: Ball
2-1: Foul Ball, location: 2F
2-2: Ground out U3 (Groundball, 3, EV 100.0 MPH)
Top of the 1st over - 0 runs, 0 hits, 0 errors, 0 left on base; Shreveport 0 - Arkansas 0
BOTTOM OF THE 1ST
Arkansas Travelers batting - Pitching for Shreveport Braves : RHP Andre Treadway
Pitching: RHP Andre Treadway
Batting: RHB Randy Milligan 0-0: Called Strike
0-1: Called Strike
0-2: Strikes out swinging
Batting: RHB Denny Gonzalez 0-0: Ball
1-0: Ball
2-0: Ball
3-0: Called Strike
3-1: DOUBLE (Line Drive, 9LD, EV 110.6 MPH)
Batting: SHB Bobby Bonilla 0-0: Ball
1-0: Called Strike
1-1: Called Strike
1-2: Strikes out swinging
Batting: LHB Phil Stephenson 0-0: Called Strike
0-1: Ball
1-1: Fly out, F5 (Popup, 5F, EV 61.3 MPH)
Bottom of the 1st over - 0 runs, 1 hit, 0 errors, 1 left on base; Shreveport 0 - Arkansas 0
TOP OF THE 2ND
Shreveport Braves batting - Pitching for Arkansas Travelers : RHP Vicente Jaurequi
Batting: LHB Tracy Dophied 0-0: Called Strike
0-1: Called Strike
0-2: Ball
1-2: Ball
2-2: Foul Ball, location: 2F
2-2: Foul Ball, location: 2F
2-2: Ground out 4-3 (Groundball, 4, EV 80.6 MPH)
Batting: RHB Scott Ullger 0-0: Called Strike
0-1: Foul Ball, location: 2F
0-2: Ball
1-2: Strikes out swinging passed ball, reaches first!
Batting: SHB Michael Lessard 0-0: Ball
1-0: Foul Ball, location: 2F
1-1: Called Strike
1-2: Foul Ball, location: 2F
1-2: Fielders Choice at 2nd, 6-4 (Groundball, 6, EV 91.9 MPH)
Batting: RHB Therron Harper 0-0: Swinging Strike
0-1: Called Strike
0-2: Ball
1-2: Fielders Choice at 2nd, 5-4 (Groundball, 5, EV 91.3 MPH)
Top of the 2nd over - 0 runs, 0 hits, 0 errors, 1 left on base; Shreveport 0 - Arkansas 0
BOTTOM OF THE 2ND
Arkansas Travelers batting - Pitching for Shreveport Braves : RHP Andre Treadway
Batting: LHB Dave Magadan 0-0: Ball
1-0: Foul Ball, location: 2F
1-1: Called Strike
1-2: Ball
2-2: Foul Ball, location: 2F
2-2: SINGLE (Groundball, 6D, EV 97.5 MPH)
Batting: LHB Jesus Marinez 0-0: Foul Ball, location: 2F
0-1: Foul Ball, location: 2F
0-2: Strikes out swinging
Batting: RHB Rob Deer 0-0: Ball
1-0: Fly out, F7 (Line Drive, 7, EV 96.9 MPH)
Batting: RHB Alex Duarte 0-0: Hit by Pitch
Dave Magadan to second
Batting: RHB Rex Hudler 0-0: Ball
1-0: Called Strike
1-1: Ball
2-1: Ball
3-1: Called Strike
3-2: Foul Ball, location: 2F
3-2: Foul Ball, location: 2F
3-2: Strikes out swinging
Bottom of the 2nd over - 0 runs, 1 hit, 0 errors, 2 left on base; Shreveport 0 - Arkansas 0
TOP OF THE 3RD
Shreveport Braves batting - Pitching for Arkansas Travelers : RHP Vicente Jaurequi
Batting: LHB Pete Bazan 0-0: Ball
1-0: Swinging Strike
1-1: Ground out 4-3 (Groundball, 34, EV 102.5 MPH)
Batting: RHB Jeff Matthews 0-0: Ball
1-0: Foul Ball, location: 2F
1-1: Ground out 5-3 (Groundball, 5S, EV 92.5 MPH)
Batting: LHB Robert Loscalzo 0-0: Ball
1-0: Ball
2-0: Ball
3-0: Base on Balls
Batting: RHB Alvin White 0-0: Ball
1-0: Called Strike
1-1: Called Strike
1-2: Foul Ball, location: 2F
1-2: Fly out, F4 (Flyball, 3D, EV 90.0 MPH)
Top of the 3rd over - 0 runs, 0 hits, 0 errors, 1 left on base; Shreveport 0 - Arkansas 0
BOTTOM OF THE 3RD
Arkansas Travelers batting - Pitching for Shreveport Braves : RHP Andre Treadway
Batting: RHB Randy Milligan 0-0: Called Strike
0-1: Foul Ball, location: 2F
0-2: Ball
1-2: Ball
2-2: Ball
3-2: SINGLE (Line Drive, 78S, EV 105.0 MPH)
Batting: RHB Denny Gonzalez 0-0: Ball
1-0: Swinging Strike
1-1: Foul Ball, location: 2F
1-2: Ball
2-2: Foul Ball, location: 2F
2-2: TRIPLE (Flyball, 89XD, EV 101.9 MPH)
Randy Milligan scores
Batting: SHB Bobby Bonilla 0-0: Swinging Strike
0-1: Swinging Strike
0-2: Ball
1-2: Foul Ball, location: 2F
1-2: Ball
2-2: Fly out, F7 (Flyball, 7LS, EV 87.5 MPH)
Batting: LHB Phil Stephenson 0-0: Called Strike
0-1: Ball
1-1: Called Strike
1-2: Foul Ball, location: 2F
1-2: Strikes out swinging
Batting: LHB Dave Magadan 0-0: Ball
1-0: Ball
2-0: Called Strike
2-1: Foul Ball, location: 2F
2-2: Ball
3-2: Foul Ball, location: 2F
3-2: Foul Ball, location: 2F
3-2: Foul Ball, location: 2F
3-2: Base on Balls
Batting: LHB Jesus Marinez 0-0: Ball
1-0: Ball
2-0: Foul Ball, location: 2F
2-1: Fly out, F6 (Popup, 6MS, EV 68.1 MPH)
Bottom of the 3rd over - 1 run, 2 hits, 0 errors, 2 left on base; Shreveport 0 - Arkansas 1
TOP OF THE 4TH
Shreveport Braves batting - Pitching for Arkansas Travelers : RHP Vicente Jaurequi
Batting: LHB Rusty McNealy 0-0: Ball
1-0: Ball
2-0: Foul Ball, location: 2F
2-1: Ball
3-1: Fly out, F3 (Line Drive, 3, EV 71.3 MPH)
Batting: LHB Tracy Dophied 0-0: Ball
1-0: Ball
2-0: Ball
3-0: Called Strike
3-1: Foul Ball, location: 2F
3-2: Base on Balls
Batting: RHB Scott Ullger 0-0: Foul Ball, location: 2F
0-1: Foul Ball, location: 2F
0-2: Strikes out swinging
Batting: SHB Michael Lessard 0-0: Called Strike
0-1: Foul Ball, location: 2F
0-2: Ball
1-2: Fly out, F8 (Line Drive, 8RM, EV 98.1 MPH)
Top of the 4th over - 0 runs, 0 hits, 0 errors, 1 left on base; Shreveport 0 - Arkansas 1
BOTTOM OF THE 4TH
Arkansas Travelers batting - Pitching for Shreveport Braves : RHP Andre Treadway
Batting: RHB Rob Deer 0-0: Ball
1-0: Foul Ball, location: 2F
1-1: Foul Ball, location: 2F
1-2: Strikes out looking
Batting: RHB Alex Duarte 0-0: TRIPLE (Flyball, 78XD, EV 86.3 MPH)
Batting: RHB Rex Hudler 0-0: Ground out 4-3 (Groundball, 4, EV 104.4 MPH)
Alex Duarte scores
Batting: RHB Randy Milligan 0-0: Ball
1-0: Called Strike
1-1: Ball
2-1: Foul Ball, location: 2F
2-2: Ball
3-2: Fly out, F7 (Line Drive, 7, EV 95.6 MPH)
Bottom of the 4th over - 1 run, 1 hit, 0 errors, 0 left on base; Shreveport 0 - Arkansas 2
TOP OF THE 5TH
Shreveport Braves batting - Pitching for Arkansas Travelers : RHP Vicente Jaurequi
Batting: RHB Therron Harper 0-0: Ball
1-0: Called Strike
1-1: Ball
2-1: Ball
3-1: Fly out, F8 (Flyball, 8RS, EV 91.9 MPH)
Batting: LHB Pete Bazan 0-0: Ball
1-0: Ball
2-0: Called Strike
2-1: Swinging Strike
2-2: Foul Ball, location: 2F
2-2: Foul Ball, location: 2F
2-2: Foul Ball, location: 2F
2-2: Foul Ball, location: 2F
2-2: Ground out 5-3 (Groundball, 56, EV 90.6 MPH)
Batting: RHB Jeff Matthews 0-0: Swinging Strike
0-1: Fly out, F9 (Flyball, 9LM, EV 93.1 MPH)
Top of the 5th over - 0 runs, 0 hits, 0 errors, 0 left on base; Shreveport 0 - Arkansas 2
BOTTOM OF THE 5TH
Arkansas Travelers batting - Pitching for Shreveport Braves : RHP Andre Treadway
Batting: RHB Denny Gonzalez 0-0: Ball
1-0: Foul Ball, location: 2F
1-1: Ball
2-1: Ball
3-1: Base on Balls
Batting: SHB Bobby Bonilla 0-0: Ball
1-0: Called Strike
1-1: Ball
2-1: Ball
3-1: Called Strike
3-2: Fly out, F7 (Flyball, 78XD, EV 103.8 MPH)
Batting: LHB Phil Stephenson 0-0: Swinging Strike
0-1: Ball
1-1: Swinging Strike
Denny Gonzalez is caught stealing 2nd base 2-6
1-2: SINGLE (Groundball, 6D, EV 104.4 MPH)
Batting: LHB Dave Magadan 0-0: Ball
1-0: Ball
2-0: Foul Ball, location: 2F
2-1: Swinging Strike
2-2: DOUBLE (Line Drive, 7LS, EV 103.1 MPH)
Phil Stephenson to third
Runner from 3rd tries for Home, SAFE, throw by LF to home
Batting: LHB Jesus Marinez 0-0: Ball
1-0: DOUBLE (Line Drive, 8RD, EV 98.1 MPH)
Dave Magadan scores
Batting: RHB Rob Deer 0-0: Ball
1-0: Foul Ball, location: 2F
1-1: Ball
2-1: Foul Ball, location: 2F
2-2: Fly out, F9 (Flyball, 9LS, EV 81.9 MPH)
Bottom of the 5th over - 2 runs, 3 hits, 0 errors, 1 left on base; Shreveport 0 - Arkansas 4
TOP OF THE 6TH
Shreveport Braves batting - Pitching for Arkansas Travelers : RHP Vicente Jaurequi
Batting: LHB Robert Loscalzo 0-0: Called Strike
0-1: Ball
1-1: Called Strike
1-2: Foul Ball, location: 2F
1-2: Ground out 4-3 (Groundball, 34, EV 103.8 MPH)
Batting: RHB Alvin White 0-0: Called Strike
0-1: Ball
1-1: Foul Ball, location: 2F
1-2: Ball
2-2: Fly out, F7 (Flyball, 78M, EV 91.9 MPH)
Batting: LHB Rusty McNealy 0-0: Ball
1-0: Foul Ball, location: 2F
1-1: Ball
2-1: Fly out, F7 (Line Drive, 7, EV 97.5 MPH)
Top of the 6th over - 0 runs, 0 hits, 0 errors, 0 left on base; Shreveport 0 - Arkansas 4
BOTTOM OF THE 6TH
Arkansas Travelers batting - Pitching for Shreveport Braves : RHP Andre Treadway
Batting: RHB Alex Duarte 0-0: Foul Ball, location: 2F
0-1: Ball
1-1: Ball
2-1: Ground out U3 (Groundball, 3, EV 101.9 MPH)
Batting: RHB Rex Hudler 0-0: Called Strike
0-1: Ball
1-1: Called Strike
1-2: Foul Ball, location: 2F
1-2: Ball
2-2: Ball
3-2: Foul Ball, location: 2F
3-2: Ground out 4-3 (Groundball, 4, EV 85.0 MPH)
Batting: RHB Randy Milligan 0-0: Ball
1-0: Ball
2-0: Ground out 3-1 (Groundball, 34S, EV 87.5 MPH)
Bottom of the 6th over - 0 runs, 0 hits, 0 errors, 0 left on base; Shreveport 0 - Arkansas 4
TOP OF THE 7TH
Shreveport Braves batting - Pitching for Arkansas Travelers : RHP Vicente Jaurequi
Batting: LHB Tracy Dophied 0-0: Called Strike
0-1: Ball
1-1: Swinging Strike
1-2: DOUBLE (Groundball, 3L, EV 96.3 MPH)
Batting: RHB Scott Ullger 0-0: Swinging Strike
0-1: Foul Ball, location: 2F
0-2: Foul Ball, location: 2F
0-2: Ground out 6-3 (Groundball, 6, EV 96.9 MPH)
Batting: SHB Michael Lessard 0-0: Ball
1-0: Ball
Tracy Dophied steals 3rd base
2-0: Called Strike
2-1: DOUBLE (Line Drive, 9LM, EV 104.4 MPH)
Tracy Dophied scores
Batting: RHB Therron Harper 0-0: Called Strike
0-1: Ball
1-1: Ball
2-1: Foul Ball, location: 2F
2-2: Strikes out looking and he ARGUES THE CALL AND IS TOSSED!
Pitching: RHP Vittore Fachinetti
Batting: LHB Pete Bazan 0-0: Ball
1-0: Ball
2-0: Foul Ball, location: 2F
2-1: Swinging Strike
2-2: Ball
3-2: 2-RUN HOME RUN (Flyball, 9D, EV 100.0 MPH), Distance : 379 ft
Batting: RHB Jeff Matthews 0-0: Ball
1-0: Swinging Strike
1-1: Ground out 4-3 (Groundball, 4, EV 102.5 MPH)
Top of the 7th over - 3 runs, 3 hits, 0 errors, 0 left on base; Shreveport 3 - Arkansas 4
BOTTOM OF THE 7TH
Arkansas Travelers batting - Pitching for Shreveport Braves : RHP Andre Treadway
Now at 1B: Ronald Walker
Batting: RHB Denny Gonzalez 0-0: Ground out 4-3 (Groundball, 4, EV 88.1 MPH)
Batting: SHB Bobby Bonilla 0-0: Called Strike
0-1: Ball
1-1: Fly out, F4 (Flyball, 34D, EV 88.1 MPH)
Batting: LHB Phil Stephenson 0-0: Ball
1-0: Ball
2-0: Swinging Strike
2-1: Ball
3-1: Foul Ball, location: 2F
3-2: Foul Ball, location: 2F
3-2: Foul Ball, location: 2F
3-2: Foul Ball, location: 2F
3-2: Strikes out looking
Bottom of the 7th over - 0 runs, 0 hits, 0 errors, 0 left on base; Shreveport 3 - Arkansas 4
TOP OF THE 8TH
Shreveport Braves batting - Pitching for Arkansas Travelers : RHP Vittore Fachinetti
Batting: LHB Robert Loscalzo 0-0: DOUBLE (Line Drive, 9LS, EV 98.8 MPH)
Batting: RHB Alvin White 0-0: Foul Ball, location: 2F
0-1: Foul Ball, location: 2F
0-2: Foul Ball, location: 2F
0-2: Ball
1-2: Strikes out looking
Pitching: LHP Jeff Schneider
Batting: LHB Rusty McNealy 0-0: Called Strike
0-1: Swinging Strike
0-2: Foul Ball, location: 2F
0-2: Ball
1-2: Fly out, F9 (Flyball, 9, EV 92.5 MPH)
Batting: LHB Tracy Dophied 0-0: SINGLE (Flyball, 34D, EV 92.5 MPH)
Robert Loscalzo to third
Runner from 3rd tries for Home, SAFE, throw by RF to home
Batting: RHB Scott Ullger 0-0: Called Strike
0-1: Ball
1-1: Ball
2-1: Called Strike
2-2: Strikes out swinging
Top of the 8th over - 1 run, 2 hits, 0 errors, 1 left on base; Shreveport 4 - Arkansas 4
BOTTOM OF THE 8TH
Arkansas Travelers batting - Pitching for Shreveport Braves : RHP Andre Treadway
Pitching: RHP Dave Renderos
Batting: LHB Dave Magadan 0-0: Ball
1-0: Foul Ball, location: 2F
1-1: Ball
2-1: Called Strike
2-2: Ball
3-2: Fly out, F8 (Flyball, 8RXD, EV 96.9 MPH)
Batting: LHB Jesus Marinez 0-0: Ball
1-0: Swinging Strike
1-1: SOLO HOME RUN (Line Drive, 89XD, EV 95.6 MPH), Distance : 406 ft
Batting: RHB Rob Deer 0-0: Ball
1-0: Swinging Strike
1-1: Ball
2-1: SINGLE (Line Drive, 7S, EV 100.0 MPH)
Batting: RHB Alex Duarte 0-0: Ball
Rob Deer steals 2nd base
1-0: Foul Ball, location: 2F
1-1: Ground out 4-3 (Groundball, 4, EV 82.5 MPH)
Rob Deer to third
Batting: RHB Rex Hudler 0-0: Ball
1-0: SINGLE (Groundball, 56, EV 82.5 MPH) (infield hit)
Rob Deer scores
Batting: RHB Randy Milligan 0-0: Ball
1-0: Foul Ball, location: 2F
1-1: Ball
2-1: Ball
3-1: Base on Balls
Rex Hudler to second
Batting: RHB Denny Gonzalez 0-0: Called Strike
0-1: Foul Ball, location: 2F
0-2: Ball
1-2: Fly out, F3 (Popup, 3SF, EV 86.9 MPH)
Bottom of the 8th over - 2 runs, 3 hits, 0 errors, 2 left on base; Shreveport 4 - Arkansas 6
TOP OF THE 9TH
Shreveport Braves batting - Pitching for Arkansas Travelers : LHP Jeff Schneider
Pitching: LHP Claude Brodeur
Batting: SHB Michael Lessard 0-0: Ball
1-0: Ball
2-0: Ball
3-0: Called Strike
3-1: Base on Balls
Batting: LHB Ronald Walker 0-0: Called Strike
0-1: Ball
1-1: Ball
2-1: Foul Ball, location: 2F
2-2: Foul Ball, location: 2F
2-2: Foul Ball, location: 2F
2-2: Ball
3-2: Strikes out swinging
Pinch Hitting: RHB Donald Eagan 0-0: Called Strike
0-1: Ball
1-1: Ball
2-1: Ball
3-1: Base on Balls
Michael Lessard to second
Batting: RHB Jeff Matthews 0-0: Ball
1-0: Foul Ball, location: 2F
1-1: Called Strike
1-2: Ball
2-2: Strikes out swinging
Batting: LHB Robert Loscalzo 0-0: Called Strike
0-1: Ball
Balk!
Michael Lessard to third
Donald Eagan to second
1-1: SINGLE (Line Drive, 56D, EV 99.4 MPH)
Michael Lessard scores
Donald Eagan to third
Runner from 3rd tries for Home, throw by LF and OUT! 7-2
Top of the 9th over - 1 run, 1 hit, 0 errors, 1 left on base; Shreveport 5 - Arkansas 6
Friday, August 21st, 2020 - OOTP Baseball 21.5 Build 76